 Dungeon Crawl Stone Soup version 0.17.1-1-g73c8601 (webtiles) character file.

14218 fredomojojo the Blocker (level 11, 0/87 HPs)
             Began as a Minotaur Fighter on Dec 12, 2015.
             Was an Elder of Trog.
             Slain by a yak (2 damage)
             ... on level 4 of the Lair of Beasts on Dec 13, 2015.
             The game lasted 02:08:47 (9454 turns).

fredomojojo the Blocker (Minotaur Fighter)          Turns: 9454, Time: 02:08:47

Health: 0/87       AC: 23    Str: 27    XL:     11   Next: 85%
Magic:  9/9        EV:  4    Int:  7    God:    Trog [****..]
Gold:   553        SH:  0    Dex: 20    Spells: 0 memorised, 10 levels left

rFire  + . .     SeeInvis .     J - +4 hand axe (chop)
rCold  . . .     Clarity  .     W - +4 plate armour
rNeg   + + +     SustAt   .     V - +0 shield
rPois  ∞         Gourm    .     (helmet restricted)
rElec  +         Spirit   .     (no cloak)
rCorr  .         Warding  .     (no gloves)
rMut   .         Stasis   .     f - +1 pair of boots
MR     .....                    (no amulet)
Stlth  ..........               (no ring)
                                F - +4 ring of strength

@: agile, petrified, very slightly contaminated, hasted, not resistant to
hostile enchantments, extremely unstealthy
A: retaliatory headbutt, fangs 1, hooves 1, horns 2, repulsion field 1, slimy
green scales 1, agile 2, clever 1, fire resistance 1, frail 1, low mp 1,
electricity resistance, subdued magic 1
a: Berserk, Trog's Hand, Brothers in Arms, Burn Spellbooks, Renounce Religion


You were on level 4 of the Lair of Beasts.
You worshipped Trog.
Trog was greatly pleased with you.
You were hungry.

You visited 3 branches of the dungeon, and saw 15 of its levels.

You collected 957 gold pieces.
You spent 404 gold pieces at shops.

Inventory:

Hand Weapons
 u - a +1 flail of protection
 y - a +1 hand axe of freezing
 I - a +1 bardiche of freezing
 J - a +4 hand axe of chopping (weapon)
Missiles
 x - 7 silver javelins
 E - 10 tomahawks (quivered)
 T - a poisoned tomahawk
Armour
 f - a +1 pair of boots (worn)
 V - a +0 shield (worn)
 W - a +4 plate armour (worn)
Jewellery
 c - the ring of Brilliance {+Blink +Fly AC+4 Str-5 Int+5}
   (You found it on level 9 of the Dungeon)

   [ring of protection]

   It affects your AC (+4).
   It affects your strength (-5).
   It affects your intelligence (+5).
   It lets you fly.
   It lets you blink.
 C - an uncursed ring of teleportation
 F - a +4 ring of strength (left hand)
Wands
 a - a wand of draining (7)
 o - a wand of hasting (5)
 p - a wand of paralysis (1)
 H - a wand of magic darts (26)
 N - a wand of disintegration (0)
 O - a wand of digging (3)
 P - a wand of digging (8)
 S - a wand of disintegration (12)
 U - a wand of draining (4)
 Y - a wand of confusion (34)
 Z - a wand of draining (4)
Scrolls
 i - a scroll of blinking {unknown}
 m - 9 scrolls of identify
 n - 2 scrolls of noise
 s - 3 scrolls of fog
 t - 2 scrolls of teleportation
 v - 2 scrolls of recharging {unknown}
 B - 2 scrolls of fear
 K - 2 scrolls of magic mapping {unknown}
 L - a scroll of torment {unknown}
 M - 4 scrolls of remove curse
Potions
 d - 4 potions of might
 g - 4 potions of agility
 h - 2 potions of lignification {unknown}
 j - 2 potions of heal wounds
 k - 3 potions of resistance
 l - 9 potions of curing
 q - 2 potions of poison {unknown}
 A - 2 potions of degeneration {unknown}
 D - a potion of cancellation {unknown}
 G - a potion of ambrosia {unknown}
 Q - 2 potions of berserk rage {unknown}
 R - 2 potions of brilliance {unknown}
 X - a potion of flight {unknown}
Miscellaneous
 w - a fan of gales
Comestibles
 b - 5 fruits
 e - 11 bread rations
 r - 7 chunks of flesh
 z - 5 meat rations


   Skills:
 + Level 9.0 Fighting
   Level 5.6 Long Blades
 * Level 10.5 Axes
   Level 0.4(4.1) Slings
 + Level 6.0 Throwing
 + Level 10.5 Armour
 + Level 5.8 Dodging
 + Level 1.8 Stealth
 + Level 11.6 Shields
 + Level 0.5 Evocations


You had 10 spell levels left.
You didn't know any spells.

Dungeon Overview and Level Annotations

Branches:
Dungeon (10/15)            Temple (1/1) D:5            Lair (4/8) D:9
  Swamp: Lair:3-6    Shoals: Lair:3-6     Snake: Lair:3-6    Spider: Lair:3-6
    Orc: D:9-12

Altars:
Ashenzari
Cheibriados
Dithmenos
Elyvilon
Fedhas
Gozag
Kikubaaqudgha
Makhleb
Nemelex Xobeh
Okawaru
Qazlal
Ru
Sif Muna
Trog
Vehumet
Xom
Yredelemnul
Zin
The Shining One

Shops:
D:4 }   D:6 ?   D:7 (

Annotations:
D:5 Nicoed's ghost, novice OpTm
D:8 Psyche
D:10 Elvalys's ghost, novice FoFi


Innate Abilities, Weirdness & Mutations

You reflexively headbutt those who attack you in melee.
You have a pair of horns on your head.
You have very sharp teeth.
You have large cloven feet.
You are surrounded by a mild repulsion field (EV +2).
You are partially covered in slimy green scales (AC +2).
You are very agile. (Dex +4)
Your mind is acute. (Int +2)
Your flesh is heat resistant.
You are frail (-10% HP).
Your magical capacity is low (-10% MP).
You are resistant to electric shocks.
Your spells are a little easier to cast, but a little less powerful.


Message History

The death yak gores you!!
* * * LOW HITPOINT WARNING * * *
A yak comes into view.
The yak bellows!
The death yak gores you but does no damage.
The spiny frog stings you.
* * * LOW HITPOINT WARNING * * *
The yak gores you.
* * * LOW HITPOINT WARNING * * *
The death yak gores you but does no damage.
The death yak gores you!!
* * * LOW HITPOINT WARNING * * *
The spiny frog stings you but does no damage.
The yak gores you but does no damage.
A yak comes into view.
The yak bellows!
The spiny frog stings you but does no damage.
The death yak gores you but does no damage. x2
The yak gores you.
You die...

..............#
.................
.Y..............#
..Y.............P
...Y....(........
.......Y.........
.......YY[.......
......YYY<......#
...(..Y@F.......#
P...###.##..#.#.#
. ### ### #


You could see 5 death yaks, 5 yaks and a spiny frog.

Vanquished Creatures
  Harold (Lair:3)
  Erolcha (D:8)
  A tengu warrior (D:9)
  Pikel (D:8)
  A spiny frog (Lair:3)
  The ghost of Nicoed the Changer, a novice OpTm of Makhleb (D:7)
  3 komodo dragons (Lair:2)
  2 fire drakes
  A two-headed ogre (D:9)
  A spriggan (D:7)
  A wyvern (D:9)
  A hungry ghost (D:9)
  2 hippogriffs
  17 yaks
  Menkaure (D:4)
  A wolf (Lair:1)
  4 orc warriors
  5 porcupines
  2 water moccasins
  2 black bears
  3 ice beasts
  5 sky beasts
  6 centaurs
  4 ogres
  2 phantoms
  A necrophage (D:9)
  9 giant frogs
  A scorpion (D:8)
  3 electric eels (Lair:1)
  2 giant frog zombies (D:5)
  2 crimson imps
  7 hounds
  4 orc priests
  A giant frog skeleton (D:9)
  A quasit (D:9)
  4 jellies
  8 orc wizards
  2 centaur zombies
  6 iguanas
  6 worker ants
  A killer bee zombie (D:7)
  2 hound zombies
  3 hound skeletons
  4 gnolls (D:3)
  41 river rats
  11 adders
  A shadow imp (D:6)
  An ooze (D:1)
  An adder zombie (D:3)
  2 adder skeletons
  2 worms
  6 giant geckos
  33 orcs
  9 giant cockroaches
  7 goblins
  9 hobgoblins
  13 kobolds
  5 quokkas
  2 ball pythons
  10 bats
  A giant gecko skeleton (D:4)
  7 giant newts
  4 jackals
  A quokka skeleton (D:9)
  5 rats
  2 fungi
  A plant (Lair:1)
310 creatures vanquished.

Vanquished Creatures (collateral kills)
  2 hydras
  A river rat (Lair:2)
3 creatures vanquished.

Vanquished Creatures (others)
  A slave (D:8)
  4 orcs (D:8)
  4 fungi (Lair:1)
9 creatures vanquished.

Grand Total: 322 creatures vanquished

Notes
Turn   | Place    | Note
--------------------------------------------------------------
     0 | D:1      | fredomojojo the Minotaur Fighter began the quest for the Orb.
     0 | D:1      | Reached XP level 1. HP: 19/19 MP: 0/0
    58 | D:1      | Reached skill level 4 in Armour
    91 | D:1      | Reached XP level 2. HP: 27/27 MP: 1/1
   446 | D:1      | Found a snail-covered altar of Cheibriados.
   639 | D:1      | Reached XP level 3. HP: 33/33 MP: 2/2
   942 | D:2      | Reached XP level 4. HP: 35/40 MP: 3/3
   956 | D:2      | Reached skill level 1 in Dodging
  1552 | D:3      | Reached XP level 5. HP: 46/46 MP: 4/4
  1755 | D:4      | Found a glowing drain.
  1761 | D:4      | Noticed Menkaure
  1767 | D:4      | Killed Menkaure
  1767 | D:4      | Reached skill level 5 in Armour
  1767 | D:4      | Reached skill level 5 in Shields
  1767 | D:4      | Reached XP level 6. HP: 51/53 MP: 5/5
  1988 | D:5      | Entered Level 5 of the Dungeon
  1994 | D:5      | Noticed Nicoed's ghost (novice OpTm)
  2044 | D:4      | Found Foguepenna's Gadget Shop.
  2077 | D:4      | Reached skill level 1 in Throwing
  2077 | D:4      | Reached skill level 1 in Stealth
  2775 | D:5      | Reached XP level 7. HP: 57/60 MP: 6/6
  2799 | D:5      | Reached skill level 1 in Axes
  2799 | D:5      | Reached skill level 6 in Shields
  2886 | D:5      | Found a basalt altar of Yredelemnul.
  3226 | D:5      | Found a staircase to the Ecumenical Temple.
  3239 | Temple   | Entered the Ecumenical Temple
  3317 | Temple   | Became a worshipper of Trog the Wrathful
  3401 | D:6      | Reached skill level 5 in Fighting
  3674 | D:6      | Reached skill level 5 in Long Blades
  3674 | D:6      | Reached XP level 8. HP: 18/68 MP: 7/7
  3678 | D:6      | Reached skill level 7 in Shields
  4186 | D:6      | Found Aleteh's Magic Scroll Shop.
  4209 | D:6      | Bought a scroll of remove curse for 45 gold pieces
  4209 | D:6      | Bought a scroll of remove curse for 45 gold pieces
  4209 | D:6      | Bought 2 scrolls of remove curse for 90 gold pieces
  4209 | D:6      | Bought a scroll of enchant weapon for 112 gold pieces
  4209 | D:6      | Bought a scroll of enchant armour for 112 gold pieces
  4379 | D:7      | Found Hirphyqeu's Weapon Shoppe.
  4437 | D:7      | Gained mutation: Your system is resistant to poisons. [mutagenic meat]
  4438 | D:7      | Gained mutation: Your spells are a little easier to cast, but a little less powerful. [mutagenic meat]
  4439 | D:7      | Gained mutation: Your mind is acute. (Int +2) [mutagenic meat]
  4725 | D:7      | Reached * piety under Trog
  4879 | D:7      | Reached skill level 8 in Shields
  4879 | D:7      | Reached XP level 9. HP: 75/75 MP: 8/8
  4921 | D:7      | Noticed a spriggan baker
  4939 | D:7      | Killed a spriggan baker
  4967 | D:7      | Found an iron altar of Okawaru.
  4977 | D:7      | Found an opulent altar of Gozag.
  5086 | D:7      | Killed Nicoed's ghost
  5390 | D:8      | Noticed Pikel
  5408 | D:8      | Killed Pikel
  5448 | D:8      | Reached skill level 9 in Shields
  5458 | D:8      | Reached ** piety under Trog
  5484 | D:8      | Gained mutation: You are agile. (Dex +2) [mutagenic meat]
  5485 | D:8      | Gained mutation: You are partially covered in slimy green scales (AC +2). [mutagenic meat]
  5837 | D:8      | Found a sparkling altar of Nemelex Xobeh.
  5837 | D:8      | Found a shadowy altar of Dithmenos.
  5838 | D:8      | Found a radiant altar of Vehumet.
  5845 | D:8      | Found a blossoming altar of Fedhas.
  5986 | D:8      | Noticed Psyche
  6043 | D:8      | Noticed Erolcha
  6052 | D:8      | Killed Erolcha
  6052 | D:8      | Reached skill level 5 in Axes
  6052 | D:8      | Reached skill level 5 in Dodging
  6052 | D:8      | Reached XP level 10. HP: 74/86 MP: 9/9
  6088 | D:9      | Noticed a tengu warrior
  6105 | D:9      | Killed a tengu warrior
  6199 | D:9      | Reached skill level 10 in Shields
  6299 | D:9      | Got an ancient golden ring
  6300 | D:9      | Identified the ring of Brilliance {+Blink +Fly AC+4 Str-5 Int+5} (You found it on level 9 of the Dungeon)
  6486 | D:9      | Reached *** piety under Trog
  6558 | D:10     | Entered Level 10 of the Dungeon
  6567 | D:10     | Noticed a centaur warrior
  6599 | D:10     | Noticed Elvalys's ghost (novice FoFi)
  6751 | D:9      | Found a staircase to the Lair.
  6878 | D:9      | Reached skill level 10 in Armour
  6984 | Lair:1   | Entered Level 1 of the Lair of Beasts
  7084 | Lair:1   | Reached skill level 5 in Throwing
  7184 | Lair:1   | Reached XP level 11. HP: 67/94 MP: 10/10
  7240 | Lair:1   | Reached **** piety under Trog
  8117 | Lair:2   | Noticed a six-headed hydra
  8300 | Lair:2   | Reached skill level 11 in Shields
  8463 | Lair:2   | Reached ***** piety under Trog
  8581 | Lair:2   | Killed a six-headed hydra
  8693 | Lair:2   | Gained mutation: Your magical capacity is low (-10% MP). [potion of mutation]
  8693 | Lair:2   | Gained mutation: You can spit weak poison. [potion of mutation]
  8965 | Lair:2   | Reached skill level 10 in Axes
  8974 | Lair:2   | Gained mutation: You are resistant to electric shocks. [potion of mutation]
  8974 | Lair:2   | Gained mutation: Your flesh is heat resistant. [potion of mutation]
  8975 | Lair:2   | Gained mutation: You possess an exceptional clarity of mind. [potion of mutation]
  8975 | Lair:2   | Gained mutation: You have large cloven feet. [potion of mutation]
  8975 | Lair:2   | Lost mutation: You can spit weak poison. [potion of mutation]
  8976 | Lair:2   | Gained mutation: You are surrounded by a mild repulsion field (EV +2). [potion of mutation]
  8976 | Lair:2   | Gained mutation: You are frail (-10% HP). [potion of mutation]
  8976 | Lair:2   | Lost mutation: Your system is resistant to poisons. [potion of mutation]
  8977 | Lair:2   | Lost mutation: You possess an exceptional clarity of mind. [potion of mutation]
  8977 | Lair:2   | Gained mutation: You have very sharp teeth. [potion of mutation]
  8977 | Lair:2   | Gained mutation: You are very agile. (Dex +4) [potion of mutation]
  9227 | Lair:3   | Noticed Harold
  9258 | Lair:3   | Killed Harold
  9415 | Lair:3   | Noticed a seven-headed hydra
  9431 | Lair:3   | Killed a seven-headed hydra
  9442 | Lair:4   | Noticed a death yak
  9442 | Lair:4   | Noticed a death yak
  9446 | Lair:4   | Noticed a death yak
  9447 | Lair:4   | Noticed a death yak
  9447 | Lair:4   | Noticed a death yak
  9453 | Lair:4   | HP: 1/87 [death yak (9)]
  9454 | Lair:4   | Slain by a yak

Action                   |  1- 3 |  4- 6 |  7- 9 | 10-12 || total
-------------------------+-------+-------+-------+-------++-------
Melee: Long sword        |   112 |   125 |   123 |       ||   360
       Hand axe          |       |    59 |   254 |   445 ||   758
 Fire: Greatsling        |       |       |     2 |       ||     2
Throw: Javelin           |       |     7 |       |    10 ||    17
       Tomahawk          |       |       |    36 |    62 ||    98
Invok: Burn Spellbooks   |       |       |     1 |       ||     1
       Berserk           |       |       |     1 |     6 ||     7
       Brothers in Arms  |       |       |       |     3 ||     3
       Trog's Hand       |       |       |       |     1 ||     1
 Abil: Evoke Teleportati |       |       |     1 |       ||     1
Evoke: Wand              |       |       |       |     7 ||     7
  Use: Scroll            |       |     6 |     6 |     4 ||    16
       Potion            |       |       |     1 |     6 ||     7
 Stab: Paralysed         |       |       |       |     5 ||     5
  Eat: Chunk             |       |     5 |    15 |    16 ||    36
       Beef jerky        |       |     1 |       |       ||     1
       Pizza             |       |       |     1 |       ||     1
       Fruit             |       |       |     1 |     4 ||     5
